General information
- name: BNet
- type: Ladder 1vs1/FFA
- host: Battle.net
- saver: FierCe[GGL]
map: EchoIsles
- players: 2
- length: 21:57
- speed: Fast
- version: 1.26 W3XP
- replay type: Public
» download(113 KB)
Players
team 1 (loser)
PureOrc (
purple | 159 APM | 3492 actions | 21:56)
4 Far Seer
2 Feral Spirit
2 Chain Lighting
4 Shadow Hunter
2 Hex
2 Healing Wave
» actions
| Assign group hotkey | 102 | |
| Basic commands | 323 | |
| Build / train | 100 | |
| ESC pressed | 12 | |
| Enter build submenu | 18 | |
| Enter hero's abilities submenu | 8 | |
| Give item / drop item | 8 | |
| Remove unit from queue | 5 | |
| Right click | 1168 | |
| Select / deselect | 525 | |
| Select group hotkey | 940 | |
| Use ability | 283 | |
3492 total
» units
| Peon | 7 | |
| Demolisher | 4 | |
| Raider | 8 | |
| Kodo Beast | 1 | |
| Grunt | 4 | |
| Spirit Walker | 5 | |
| Forest Troll Berserker | 4 | |
33 total
» upgrades
| Ensnare | 1 | |
| Troll Regeneration | 1 | |
| Spirit Walker Training | 1 | |
| Ranged Weapons | 1 | |
| Armor | 1 | |
5 total
» buildings
| Altar of Storms | 1 | |
| Orc Burrow | 5 | |
| Stronghold | 6 | |
| War Mill | 1 | |
| Voodoo Lounge | 1 | |
| Watch Tower | 3 | |
| Barracks | 1 | |
| Beastiary | 1 | |
| Spirit Lodge | 1 | |
| Great Hall | 1 | |
21 total
» build order
00:07 Altar of Storms
00:20 Orc Burrow
01:51 Stronghold
01:52 Stronghold
01:52 Stronghold
01:52 Stronghold
01:55 War Mill
02:08 Voodoo Lounge
02:23 Orc Burrow
03:08 Watch Tower
03:42 Watch Tower
03:51 Watch Tower
04:41 Barracks
05:22 Beastiary
05:56 Orc Burrow
07:21 Orc Burrow
10:17 Spirit Lodge
17:53 Orc Burrow
21:09 Great Hall
» items
| Healing Salve | 6 | |
| Lesser Clarity Potion | 16 | |
| Scroll of Speed | 8 | |
| Potion of Mana | 2 | |
| Scroll of Healing | 2 | |
| Potion of Lesser Invulnerability | 1 | |
| Scroll of Town Portal | 1 | |
| Scroll of Protection | 1 | |
37 total
team 2 (winner)
FierCe[GGL] (
teal | 251 APM | 5504 actions | 21:57)
5 Crypt Lord
3 Carrion Beetles
1 Spiked Carapace
1 Impale
4 Death Knight
2 Death Coil
2 Unholy Aura
» actions
| Assign group hotkey | 84 | |
| Basic commands | 328 | |
| Build / train | 82 | |
| ESC pressed | 6 | |
| Enter build submenu | 20 | |
| Enter hero's abilities submenu | 9 | |
| Give item / drop item | 2 | |
| Right click | 1583 | |
| Select / deselect | 523 | |
| Select group hotkey | 2758 | |
| Use ability | 109 | |
5504 total
» units
| Acolyte | 6 | |
| Ghoul | 9 | |
| Crypt Fiend | 24 | |
| Obsidian Statue | 3 | |
| Meatwagon | 3 | |
| Frost Wyrm | 7 | |
52 total
» upgrades
» buildings
| Graveyard | 1 | |
| Crypt | 1 | |
| Altar of Darkness | 1 | |
| Ziggurat | 13 | |
| Tomb of Relics | 2 | |
| Nerubian Tower | 2 | |
| Halls of the Dead | 2 | |
| Spirit Tower | 1 | |
| Slaughterhouse | 1 | |
| Black Citadel | 1 | |
| Sacrificial Pit | 1 | |
| Boneyard | 1 | |
27 total
» build order
00:05 Graveyard
00:07 Crypt
00:41 Altar of Darkness
00:56 Ziggurat
01:21 Tomb of Relics
01:37 Ziggurat
02:22 Nerubian Tower
04:28 Ziggurat
04:31 Ziggurat
04:36 Ziggurat
05:29 Halls of the Dead
05:29 Halls of the Dead
05:48 Nerubian Tower
06:11 Spirit Tower
06:14 Ziggurat
06:42 Ziggurat
07:02 Ziggurat
08:21 Slaughterhouse
12:51 Ziggurat
12:52 Tomb of Relics
13:10 Black Citadel
15:00 Sacrificial Pit
16:09 Boneyard
16:10 Ziggurat
16:11 Ziggurat
16:12 Ziggurat
19:02 Ziggurat
» items
| Rod of Necromancy | 1 | |
| Sacrificial Skull | 1 | |
| Orb of Corruption | 1 | |
| Scroll of Healing | 1 | |
4 total
Chat log
(00:09 / All) FierCe[GGL]: yo
(00:10 / All) PureOrc: hi
(00:11 / All) PureOrc: sup
(00:13 / All) FierCe[GGL]: 2 wins from 41
(00:23 / All) PureOrc: gg gl
(00:28 / All) FierCe[GGL]: lemme win this 1, I give u next 1?
(00:28 / All) PureOrc: you win last game... i sucked
(00:32 / All) FierCe[GGL]: ye
(00:35 / All) PureOrc: no lets play
(00:39 / All) PureOrc: come your tower
(00:55 / All) PureOrc: i like play vs you
(00:59 / All) FierCe[GGL]: why?
(01:20 / All) PureOrc: because you is my bro
(01:26 / All) FierCe[GGL]: heh
(01:28 / All) PureOrc: we talk in the game
(01:33 / All) FierCe[GGL]: I think you're going to win
(01:34 / All) PureOrc: we played 5 games?
(01:41 / All) FierCe[GGL]: prob 6 or 7
(01:45 / All) PureOrc: yeah
(01:55 / All) FierCe[GGL]: I got my friend to match me after this
(01:58 / All) FierCe[GGL]: so if i win, i get 41
(02:19 / All) FierCe[GGL]: I've never seen such a strat
(21:50 / All) PureOrc: gg
(21:53 / All) FierCe[GGL]: gg